 Dungeon Sprint DCSS version 0.24-a0-249-g2af7e83 (webtiles) character file.

Game seed: 5494085612120967562

900000 JimmahDean the Disciple of Destruction (level 14, -12/118 HPs)
             Began as a Demonspawn Necromancer on Apr 13, 2019.
             Was a Follower of Makhleb.
             Mangled by a bag of meat
             ... wielding a +9 war axe
              (34 damage)
             ... in the Dungeon (Sprint VIII: "Arena of Blood").
             The game lasted 00:00:40 (9 turns).

JimmahDean the Disciple of Destruction (DsNe)          Turns: 9, Time: 00:00:40

Health: -12/118    AC:  3    Str: 14    XL:     14   Next: 29%
Magic:  0/30       EV: 20    Int: 16    God:    Makhleb [*.....]
Gold:   0          SH:  0    Dex: 14    Spells: 36/37 levels left

rFire    . . .     SeeInvis .   b - +∞ Axe of Woe
rCold    . . .     Gourm    .   (shield currently unavailable)
rNeg     . . .     Faith    .   a - +0 robe
rPois    .         Spirit   +   (helmet unavailable)
rElec    .         Reflect  .   (no cloak)
rCorr    .         Harm     .   (no gloves)
MR       +....     NoTele   +   (boots unavailable)
Stlth    +++++.....             (no amulet)
HPRegen  2.29/turn              (no ring)
MPRegen  0.44/turn              (no ring)

@: no status effects
A: claws 1, horns 3, talons 3, powered by death 1, magic shield, magic
regeneration
a: Renounce Religion


You were in the Dungeon.
You worshipped Makhleb.
Makhleb was aware of your devotion.
You were not hungry.

You visited 1 branch

Inventory:

Hand Weapons
 b - the +∞ Axe of Woe (weapon)
   (You found it in the Dungeon)
Armour
 a - a +0 robe (worn)
Scrolls
 i - a scroll of blinking
Potions
 d - a potion of curing {@q1}
 e - a potion of heal wounds {@q2}
 f - a potion of haste {@q3}
 g - 2 potions of magic
 h - a potion of berserk rage
Comestibles
 c - a ration {@e1}


   Skills:
 + Level 13.0 Fighting
 + Level 12.1 Axes
 + Level 12.1 Throwing
 + Level 12.1 Armour
 + Level 12.2 Dodging
 + Level 13.1 Stealth
 + Level 12.1 Unarmed Combat
 + Level 12.3 Spellcasting
 + Level 14.6 Necromancy
 + Level 16.3 Invocations


You had 36 spell levels left.
You knew the following spells:

 Your Spells              Type           Power        Failure   Level  Hunger
a - Pain                  Necr           ####         1%          1    None

Your spell library contained the following spells:

 Spells                   Type           Power        Failure   Level  Hunger
 Animate Skeleton         Necr           N/A          1%          1    None
 Regeneration             Chrm/Necr      ####......   1%          3    None
 Vampiric Draining        Necr           ######....   1%          3    None
 Animate Dead             Necr           N/A          1%          4    ##.....


Dungeon Overview and Level Annotations

Branches:
Dungeon (1/1)

Altars:
Makhleb


Innate Abilities, Weirdness & Mutations

You have sharp fingernails.
You have a pair of large horns on your head.
You have claws for feet.
You regenerate a little health from kills.
When hurt, damage is shared between your health and your magic reserves.
You regenerate magic rapidly.


Message History

Your Fighting skill increases to level 13!
Your Axes skill increases to level 12!
Your Throwing skill increases to level 12!
Your Armour skill increases to level 12!
Your Dodging skill increases to level 12!
Your Stealth skill increases to level 13!
Your Unarmed Combat skill increases to level 12!
Your Spellcasting skill increases to level 12!
Your Necromancy skill increases to level 14!
Your Invocations skill increases to level 16!
You have reached level 14!
Your demonic ancestry asserts itself...
You feel your magic shroud grow more resilient.
You hear a shout! x6
A meat berserker comes into view. It is wielding a +9 battleaxe.
You hear a shout! x4
A bag of meat comes into view. It is wielding a +9 war axe.
You hear a shout!
The bag of meat hits you with a +9 war axe!!
You die...

.... .. ..O. ..
... #. ..# #..
..# .###..
..###..
......###)......
......)_@oo.....
....#...O.#.....
. #_.<._# ...
#.....# .
.o..._.....
......###......
.###.. ..###.
#.. ..# #.. ..#


You could see 2 meat berserkers and 3 bags of meat.

Vanquished Creatures
  An ogre (D)
  2 orcs (D)
3 creatures vanquished.

Notes
Turn   | Place    | Note
-------+----------+-------------------------------------------
     0 | D        | Found the +∞ Axe of Woe
     0 | D        | JimmahDean the Demonspawn Necromancer began the quest for
                  | the Orb.
     0 | D        | Reached XP level 1. HP: 13/13 MP: 3/3
     2 | D        | Noticed a meat berserker
     3 | D        | Became a worshipper of Makhleb the Destroyer
     4 | D        | Noticed a bag of meat
     5 | D        | Noticed a bag of meat
     6 | D        | Killed a bag of meat
     6 | D        | Reached skill level 12 in Invocations
     6 | D        | Gained mutation: When hurt, damage is shared between your
                  | health and your magic reserves. [demonic ancestry]
     6 | D        | Reached XP level 2. HP: 34/34 MP: 3/12
     6 | D        | Gained mutation: You have sharp toenails. [demonic
                  | ancestry]
     6 | D        | Reached XP level 3. HP: 40/40 MP: 3/13
     6 | D        | Gained mutation: You have a pair of small horns on your
                  | head. [demonic ancestry]
     6 | D        | Reached XP level 4. HP: 46/46 MP: 3/15
     6 | D        | Gained mutation: You have a pair of horns on your head.
                  | [demonic ancestry]
     6 | D        | Reached XP level 5. HP: 52/52 MP: 3/16
     6 | D        | Gained mutation: You have a pair of large horns on your
                  | head. [demonic ancestry]
     6 | D        | Reached XP level 6. HP: 59/59 MP: 3/18
     6 | D        | Reached XP level 7. HP: 64/64 MP: 3/19
     6 | D        | Reached XP level 8. HP: 71/71 MP: 3/21
     6 | D        | Gained mutation: You regenerate a little health from kills.
                  | [demonic ancestry]
     6 | D        | Reached XP level 9. HP: 77/77 MP: 3/22
     6 | D        | Gained mutation: You have razor-sharp toenails. [demonic
                  | ancestry]
     6 | D        | Reached XP level 10. HP: 83/83 MP: 3/23
     6 | D        | Gained mutation: You have sharp fingernails. [demonic
                  | ancestry]
     6 | D        | Reached XP level 11. HP: 89/89 MP: 3/24
     6 | D        | Noticed a bag of meat
     6 | D        | Noticed a meat berserker
     7 | D        | Killed a meat berserker
     7 | D        | Reached * piety under Makhleb
     7 | D        | Reached skill level 15 in Invocations
     7 | D        | Gained mutation: You have claws for feet. [demonic
                  | ancestry]
     7 | D        | Reached XP level 12. HP: 13/102 MP: 0/27
     7 | D        | Reached XP level 13. HP: 13/108 MP: 0/28
     8 | D        | Noticed a bag of meat
     8 | D        | Noticed a bag of meat
     9 | D        | Killed a bag of meat
     9 | D        | Reached skill level 16 in Invocations
     9 | D        | Gained mutation: You regenerate magic rapidly. [demonic
                  | ancestry]
     9 | D        | Reached XP level 14. HP: 18/118 MP: 0/30
     9 | D        | Noticed a meat berserker
     9 | D        | Noticed a bag of meat
     9 | D        | Mangled by a bag of meat

Levels and vault maps discovered:
D:        meatsprint

Skill      XL: |  1  2  3  4  5  6  7  8  9 10 11 12 13 |
---------------+----------------------------------------+-----
Fighting       | 9 12 13 | 13.0
Axes           | 8 11 12 | 12.1
Throwing       | 8 11 12 | 12.1
Armour         | 8 11 12 | 12.1
Dodging        | 9 11 12 | 12.2
Stealth        | 9 12 13 | 13.1
Unarmed Combat | 8 11 12 | 12.1
Spellcasting   | 9 11 12 | 12.3
Necromancy     | 11 13 14 | 14.6
Invocations    | 12 15 16 | 16.3

Action                   |  1- 3 |  4- 6 |  7- 9 | 10-12 | 13-15 || total
-------------------------+-------+-------+-------+-------+-------++-------
Melee: Executioner's axe |     1 |       |       |     1 |     1 ||     3

Table legend:
 A = Non-vault XP
 B = Vault XP
 C = Vault XP percentage of total XP
 D = Non-vault monster count
 E = Vault monster count
 F = Vault count percentage of total count
                 A         B        C        D         E       F
            +---------+---------+-------+---------+---------+-------
      Total |   57000 |   18760 |  24.8 |       2 |       1 |  33.3
            +---------+---------+-------+---------+---------+-------
          D |   57000 |   18760 |  24.8 |       2 |       1 |  33.3
            +---------+---------+-------+---------+---------+-------
